 Dungeon Crawl Stone Soup version 0.29.0-4-gdea44cf6ec (webtiles) character file.

Game seed: 2296420157630496522

67 qw the Chopper (level 3, -2/31 HPs)
             Began as a Minotaur Fighter on Sept 5, 2022.
             Killed by nerve-wracking pain
             ... invoked by an orc priest
              (6 damage)
             ... on level 3 of the Dungeon.
             The game lasted 00:00:50 (1890 turns).

qw the Chopper (Minotaur Fighter)                   Turns: 1890, Time: 00:00:50

Health: -2/31      AC:  9    Str: 18 (19) XL:     3   Next: 98%
Magic:  2/2        EV:  9    Int:  3 (5)  God:
Gold:   94         SH:  9    Dex: 11 (12) Spells: 2/2 levels left

rFire   . . .      SeeInvis .   Y - +1 war axe
rCold   . . .      Faith    .   c - +0 buckler
rNeg    . . .      Spirit   .   b - +0 scale mail
rPois   .          Reflect  +   (helmet restricted)
rElec   .          Harm     .   (no cloak)
rCorr   .          Rampage  .   (no gloves)
Will    +....                   n - +1 pair of boots of Forking Paths {Will+ Str-3 Dex+3}
Stlth   ..........              f - amulet of reflection
HPRegen 0.10/turn               (no ring)
MPRegen 0.08/turn               (no ring)

@: no status effects
A: horns 2, retaliatory headbutt
a: no special abilities


You were on level 3 of the Dungeon.
You visited 1 branch of the dungeon, and saw 3 of its levels.

You collected 94 gold pieces.


Innate Abilities, Weirdness & Mutations

You have a pair of horns on your head.
You reflexively headbutt those who attack you in melee.


   Skills:
 - Level 3.6 Fighting
 + Level 5.0 Axes
 - Level 3.6 Armour
 - Level 1.0 Dodging
 - Level 3.6 Shields


You had 2 spell levels left.
You didn't know any spells.
Your spell library was empty.

Inventory:

Hand Weapons
 e - a +0 whip
 Y - a +1 war axe (weapon)
Armour
 b - a +0 scale mail (worn)
 c - a +0 buckler (worn)
 n - the +1 pair of boots of Forking Paths (worn) {Will+ Str-3 Dex+3}
   (You found it on level 2 of the Dungeon)

   Str:       It affects your strength (-3).
   Dex:       It affects your dexterity (+3).
   Will:      It increases your willpower.
Jewellery
 f - an amulet of reflection (around neck)
Scrolls
 a - a scroll of identify
Potions
 d - a potion of might
 o - a potion of cancellation

Dungeon Overview and Level Annotations

Branches:
Dungeon (3/15)

Altars:
Nemelex Xobeh


Message History

You start waiting.
A hobgoblin is nearby!
You barely miss the hobgoblin. The hobgoblin closely misses you.
You furiously retaliate!
You headbutt the hobgoblin.
You kill the hobgoblin!
You start waiting.
An orc priest is nearby!
An orc comes into view. It is wielding a +0 flail.
You float gracefully downwards.
The orc shouts!
The dart slug launches a dart at you.
The slug dart reflects off an invisible shield around you!
The slug dart hits the dart slug.
An orc wizard comes into view. It is wielding a +0 dagger.
You see here a hobgoblin corpse.
You barely miss the orc priest.
The orc wizard shouts!
The orc priest calls down the wrath of Beogh upon you.
Pain shoots through your body! The dart slug launches a dart at you.
The slug dart reflects off an invisible shield around you!
The slug dart hits the dart slug.
An endoplasm comes into view.
The orc wizard gestures wildly while chanting.
The orc wizard flickers and vanishes!
Deactivating autopickup; reactivate with Ctrl-A.
You hit the orc priest. Your headbutt misses the orc priest.
The orc priest is moderately wounded.
You hit the orc.
The orc priest invokes the aid of Beogh against you.
Beogh smites you! The orc hits you with a +0 flail.
An orc wizard comes into view. It is wielding a +0 dagger.
The orc wizard shouts!
You hit the orc priest.
The orc priest is heavily wounded.
You closely miss the orc.
The orc priest mumbles some strange prayers to Beogh against you.
Pain shoots through your body!
You die...

.............
............
...........###
.J...........##
o..............
.........:.......
......#.woo.......
...... ##@...#...
......###.........
.................
#................
###.............
#........##...
####...###### ...
..#.....# ..
..###.#.....#


You could see an orc priest, an orc wizard, a dart slug, an orc and an
endoplasm.

Vanquished Creatures
  2 adders (D:2)
  A dart slug (D:1)
  5 ball pythons
  3 bats
  2 endoplasms (D:2)
  3 goblins
  5 hobgoblins
  8 jackals
  A quokka (D:2)
  6 kobolds
  5 rats
41 creatures vanquished.

Notes
Turn   | Place    | Note
-------+----------+-------------------------------------------
     0 | D:1      | qw the Minotaur Fighter began the quest for the Orb.
     0 | D:1      | Reached XP level 1. HP: 19/19 MP: 0/0
     0 | D:1      | 0 ||| qw: Version: 0.1-a-104-g96f76f8
     0 | D:1      | 0 ||| qw: Game counter: 5905
     0 | D:1      | 0 ||| qw: Always use a shield: true
     0 | D:1      | 0 ||| qw: God list: Ru
     0 | D:1      | 0 ||| qw: Allow faded altars: false
     0 | D:1      | 0 ||| qw: Do Orc after D:15 true
     0 | D:1      | 0 ||| qw: Do second Lair branch before Depths: true
     0 | D:1      | 0 ||| qw: Lair rune preference: random
     0 | D:1      | 0 ||| qw: Plans: Normal
     0 | D:1      | 0 ||| PLANNING D:1-11
   120 | D:1      | Reached skill level 3 in Axes
   188 | D:1      | Reached XP level 2. HP: 26/26 MP: 1/1
   262 | D:1      | 262 ||| Stepping ~*~*~tactically~*~*~ (stealth).
   482 | D:1      | Reached skill level 4 in Axes
   763 | D:1      | 763 ||| UPGRADING to amulet of reflection.
   768 | D:1      | 768 ||| DROPPING ring of wizardry.
   769 | D:1      | 769 ||| READING 2 scrolls labelled TISOODI MEETZ.
   770 | D:1      | 770 ||| READING scroll labelled ACHIUTZIUNU.
   771 | D:1      | 771 ||| READING scroll labelled YHOJUAMMIST.
  1063 | D:2      | Reached XP level 3. HP: 31/31 MP: 2/2
  1065 | D:2      | 1065 ||| DROPPING +0 club.
  1066 | D:2      | Found a sparkling altar of Nemelex Xobeh.
  1094 | D:2      | 1094 ||| Stepping ~*~*~tactically~*~*~ (stealth).
  1329 | D:2      | Found a faded altar of an unknown god.
  1422 | D:2      | Reached skill level 5 in Axes
  1469 | D:2      | Reached skill level 1 in Dodging
  1577 | D:2      | Identified the +1 pair of boots of Forking Paths {Will+
                  | Str-3 Dex+3}
  1818 | D:2      | 1818 ||| UPGRADING to +1 pair of boots of Forking Paths
                  | {Will+ Str-3 Dex+3}.
  1823 | D:2      | 1823 ||| DROPPING amulet of guardian spirit.
  1824 | D:2      | 1824 ||| READING scroll labelled ILAOVV QIEWN.
  1825 | D:2      | 1825 ||| READING scroll labelled ZAAWEB QACAAS.
  1830 | D:2      | 1830 ||| READING scroll labelled COTALEAWEUTE.
  1831 | D:2      | 1831 ||| DRINKING 2 gluggy clear potions.
  1832 | D:2      | 1832 ||| DRINKING 2 metallic clear potions.
  1833 | D:2      | 1833 ||| READING 3 scrolls of identify.
  1833 | D:2      | 1833 ||| IDENTIFYING emerald potion
  1834 | D:2      | 1834 ||| READING 2 scrolls of identify.
  1834 | D:2      | 1834 ||| IDENTIFYING murky pink potion
  1835 | D:2      | 1835 ||| DROPPING potion of ambrosia.
  1836 | D:2      | 1836 ||| DROPPING potion of degeneration.
  1837 | D:2      | 1837 ||| DROPPING potion of flight.
  1881 | D:3      | 1881 ||| Stepping ~*~*~tactically~*~*~ (hiding).
  1889 | D:3      | HP: 4/31 [orc/+0 flail (4)]
  1890 | D:3      | Killed from afar by an orc priest

Levels and vault maps discovered:
D:1:      nagdon_arrival_double_spiral, layout_loops_ring
D:2:      layout_basic, basic_altar, nicolae_ecumenical_pavilion
D:3:      layout_basic, pdpol_wu_jian_five_deadly_venoms, ashenzari_altar_1,
          hangedman_decor_push

Skill      XL: |  1  2  3 |
---------------+----------+-----
Axes           | 3 4 5 |  5.0
Dodging        | 1 |  1.0
Fighting       | |  3.6
Armour         | |  3.6
Shields        | |  3.6

Action                   || total
-------------------------++-------
Melee: War axe           ||    89
       Headbutt          ||    11
  Use: Scroll            ||     8
       Potion            ||     2
Armor: Scale mail        ||    30
Dodge: Dodged            ||    34
Block: Buckler           ||    33
       Reflection        ||     4

Table legend:
 A = Non-vault XP
 B = Vault XP
 C = Vault XP percentage of total XP
 D = Non-vault monster count
 E = Vault monster count
 F = Vault count percentage of total count
                 A         B        C        D         E       F
            +---------+---------+-------+---------+---------+-------
      Total |      96 |       0 |   0.0 |      41 |       0 |   0.0
            +---------+---------+-------+---------+---------+-------
        D:1 |      35 |       0 |   0.0 |      19 |       0 |   0.0
        D:2 |      58 |       0 |   0.0 |      20 |       0 |   0.0
        D:3 |       3 |       0 |   0.0 |       2 |       0 |   0.0
            +---------+---------+-------+---------+---------+-------
